 Dungeon Crawl Stone Soup version 0.22-a0-429-g97ce8ef (webtiles) character file.

422199 Jynxie the Executioner (level 23, -11/204 HPs)
             Began as a Hill Orc Berserker on May 26, 2018.
             Was the Champion of Trog.
             Mangled by a deep troll shaman (17 damage)
             ... on level 15 of the Dungeon.
             The game lasted 02:35:59 (51835 turns).

Jynxie the Executioner (Hill Orc Berserker)        Turns: 51835, Time: 02:36:00

Health: -11/204    AC: 36    Str: 23    XL:     23   Next: 73%
Magic:  0/35       EV: 17    Int: 11    God:    Trog [******]
Gold:   3127       SH:  0    Dex: 20    Spells: 22/22 levels left

rFire    . . .     SeeInvis +   L - +9 executioner's axe (freeze)
rCold    . . .     Gourm    .   (shield currently unavailable)
rNeg     . . .     Faith    .   s - +8 chain mail of Meczu {rCorr Int+4}
rPois    +         Spirit   +   Z - +2 helmet
rElec    +         Reflect  .   G - +2 cloak {+Inv}
rCorr    +         Harm     .   X - +2 pair of gloves {Dex+3}
MR       +++..                  m - +0 pair of boots
Stlth    +.........             g - amulet "Laonwis" {Spirit rElec rPois Int+3 Stlth+}
HPRegen  0.44/turn              H - ring "Ocoa" {+Blink rElec MR+ Int-3 SInv}
MPRegen  0.24/turn              t - ring of Yrru {MR+ Slay+2 Stlth+}

@: berserk cooldown, very slightly contaminated, drained
A: frail 1
}: 2/15 runes: decaying, gossamer
a: Berserk, Trog's Hand, Brothers in Arms, Renounce Religion, Evoke Blink, Evoke
Invisibility


You were on level 15 of the Dungeon.
You worshipped Trog.
Trog was exalted by your worship.
You were very hungry.

You visited 8 branches of the dungeon, and saw 39 of its levels.
You also visited: Sewer and Ice Cave.

You collected 5404 gold pieces.
You spent 2277 gold pieces at shops.

Inventory:

Hand Weapons
 L - a +9 executioner's axe of freezing (weapon)
   (Trog gifted it to you on level 12 of the Dungeon)
 P - a +6 executioner's axe of venom
   (You acquired it on level 2 of the Vaults)
Armour
 m - a +0 pair of boots (worn)
   (You found it on level 2 of the Dungeon)
 s - the +8 chain mail of Meczu (worn) {rCorr Int+4}
   (You found it on level 3 of the Spider Nest)

   It affects your intelligence (+4).
   It protects you from acid and corrosion.
 x - a +2 cloak of magic resistance
   (You found it on level 3 of the Elven Halls)
 G - a +2 cloak of invisibility (worn)
   (You took it off Crazy Yiuf on level 7 of the Dungeon)
 K - a +2 cloak of cold resistance
   (You found it in an ice cave)
 X - a +2 pair of gloves of dexterity (worn)
   (You bought it in a shop on level 2 of the Orcish Mines)
 Z - a +2 helmet (worn)
   (You bought it in a shop on level 2 of the Orcish Mines)
Jewellery
 g - the amulet "Laonwis" (around neck) {Spirit rElec rPois Int+3 Stlth+}
   (You took it off a crimson imp on level 9 of the Dungeon)

   [amulet of guardian spirit]

   It causes incoming damage to be split between your health and magic.
   It affects your intelligence (+3).
   It insulates you from electricity.
   It protects you from poison.
   It makes you more stealthy.
 l - an uncursed ring of protection from magic
   (You found it on level 7 of the Dungeon)
 t - the ring of Yrru (right hand) {MR+ Slay+2 Stlth+}
   (You found it on level 3 of the Elven Halls)

   [ring of stealth]

   It affects your accuracy and damage with ranged weapons and melee attacks
   (+2).
   It affects your resistance to hostile enchantments.
   It makes you more stealthy.
 w - an uncursed ring of positive energy
   (You found it on level 5 of the Lair of Beasts)
 z - an uncursed ring of protection from fire
   (You found it on level 3 of the Vaults)
 H - the ring "Ocoa" (left hand) {+Blink rElec MR+ Int-3 SInv}
   (You took it off a deep elf mage on level 3 of the Elven Halls)

   [ring of see invisible]

   It affects your intelligence (-3).
   It insulates you from electricity.
   It affects your resistance to hostile enchantments.
   It lets you see invisible.
   It lets you blink.
 M - a +2 ring of protection
   (You took it off a fire giant on level 15 of the Dungeon)
 V - an uncursed ring of flight
   (You found it on level 3 of the Vaults)
Wands
 c - a wand of disintegration (16) {!d}
   (You found it on level 1 of the Elven Halls)
 d - a wand of iceblast (16)
   (You found it on level 11 of the Dungeon)
 u - a wand of paralysis (49)
   (You took it off Ijyb on level 5 of the Dungeon)
 v - a wand of digging (45)
   (You took it off Dowan on level 6 of the Dungeon)
 N - a wand of enslavement (6)
   (You found it on level 15 of the Dungeon)
 R - a wand of polymorph (24)
   (You found it on level 6 of the Lair of Beasts)
Scrolls
 f - 12 scrolls of fear
 i - 12 scrolls of fog
 q - a scroll of summoning
 y - 3 scrolls of immolation {!r}
 A - 4 scrolls of torment {!r}
 C - a scroll of holy word
 E - 6 scrolls of teleportation {@r4}
 F - 4 scrolls of silence
 J - 2 scrolls of vulnerability {!r}
 O - a scroll of magic mapping
 S - 25 scrolls of remove curse {@r2}
Potions
 h - 4 potions of cancellation
 j - 8 potions of haste {@q3}
 n - 4 potions of agility
 o - 9 potions of curing {@q1}
 p - 5 potions of might
 r - 9 potions of flight
 Y - 2 potions of resistance
Miscellaneous
 a - 3 phantom mirrors
 I - a phial of floods
   (You found it on level 2 of the Swamp)
Comestibles
 e - 60 rations {!d}


   Skills:
 * Level 23.3(23.2) Fighting
 - Level 26.0(25.9) Axes
 - Level 6.0(5.9) Throwing
 * Level 18.9 Armour
 * Level 11.7 Dodging
 + Level 16.3 Evocations


You had 22 spell levels left.
You didn't know any spells.
Your spell library was empty.

Dungeon Overview and Level Annotations

Branches:
Dungeon (15/15)            Temple (0/1) D:4            Lair (6/6) D:10
  Swamp (4/4) Lair:4       Spider (4/4) Lair:4          Orc (2/2) D:12
    Elf (3/3) Orc:2        Vaults (4/5) D:13          Crypt (0/3) Vaults:3
 Depths (1/5) D:15
  Slime: Lair:5-6

Altars:
Cheibriados
Dithmenos
Elyvilon
Fedhas
Gozag
Hepliaklqana
Kikubaaqudgha
Qazlal
Ru
Trog
Vehumet
Wu Jian
Xom
Zin

Shops:
D:4 }   D:5 *   Orc:2 :[[[   Elf:2 (   Vaults:1 }

Portals:
Abyss: Depths:1

Annotations:
Lair:3 exclusion: oklob plant
Lair:4 exclusion: 3 oklob plants
Lair:5 exclusion: 7 oklob plants


Innate Abilities, Weirdness & Mutations

You are frail. (-10% HP)


Message History

Blink to where?
As you read the scroll of blinking, it crumbles to dust.
The deep troll shaman calls upon its god to strengthen something.
You flicker back into view.
The deep troll shaman calls upon its god to speed up something.
You see here a bolt.
You hear a grinding noise.
All of the chunks of flesh in your inventory have rotted away.
Things that are here:
2 bolts; a short sword; a +0 troll leather armour You are feeling very hungry.
The deep troll shaman barely misses you.
The deep troll shaman claws you but does no damage. x2
There is a staircase back to the Dungeon, spattered with blood here.
Things that are here:
a bolt; 3 large rocks You can't go down here!
The deep troll shaman closely misses you.
The deep troll shaman claws you but does no damage. x2
Some rock shatters into small pieces.
The deep troll shaman completely misses you.
The deep troll shaman claws you.
* * * LOW HITPOINT WARNING * * *
The deep troll shaman closely misses you.
The deep troll shaman misses you.
The deep troll shaman completely misses you.
The deep troll shaman claws you!!
* * * LOW HITPOINT WARNING * * *
You climb upwards.
Welcome back to the Dungeon!
You feel yourself speed up.
There is a staircase to the Depths here.
You feel better.
The deep troll shaman bites you but does no damage.
The deep troll shaman closely misses you.
The deep troll shaman misses you.
You feel better.
The deep troll shaman completely misses you.
The deep troll shaman claws you but does no damage.
The deep troll shaman misses you.
The deep troll shaman completely misses you.
The deep troll shaman claws you but does no damage.
The deep troll shaman claws you!
* * * LOW HITPOINT WARNING * * *
You feel better. The deep troll shaman misses you. x2
The deep troll shaman claws you but does no damage.
You feel better. The deep troll shaman misses you.
The deep troll shaman claws you!!
* * * LOW HITPOINT WARNING * * *
The deep troll shaman claws you!!
You die...

..#(#.##..##≈...#..).'#.#((([....
...#(......#§§..#...+#.#'..##.#..
..#+#..##.##§..§).[##.#'...##....
...#.)....##§≈§§§§≈###).....###..
#######.###########≈##.....).##..
####################≈..##.).....§
..................##§..###...#...
...#...#...#...<..##≈....##.###.:
.#...#...#...#..@.##≈..#.##..##.[
...#...#...#...<.T##≈§..........§
.....#............##§.....[....:§
.....#....#.##....##≈≈§≈§≈≈≈≈≈≈≈≈
##.#...#########..###≈#≈#≈#≈#≈#≈#
####..# #..# ############# ####
####


You could see a deep troll shaman.

Vanquished Creatures
  Sojobo (Vaults:4)
  Margery (Vaults:4)
  Arachne (Spider:2)
  Jorgrun (Spider:3)
  2 Ice Fiends (IceCv)
  Asterion (Depths:1)
  A lich (Vaults:4)
  The ghost of Jynxie the Earth Mage, an adept DDEE of Makhleb (Swamp:4)
  2 deep elf master archers (Elf:3)
  5 sphinxes
  2 deep elf blademasters
  Frances (Spider:2)
  Agnes (Spider:2)
  3 tengu reavers (Vaults:4)
  3 thorn hunters (Swamp:4)
  Kirke (D:12)
  A storm dragon (D:15)
  2 fire giants
  A frost giant (Vaults:1)
  12 vault wardens
  2 ghost moths (Spider:4)
  4 deep elf sorcerers (Elf:3)
  Aizul (Spider:3)
  5 emperor scorpions
  2 deep elf elementalists
  Louise (Spider:2)
  5 entropy weavers
  11 ironheart preservers
  6 stone giants
  8 deep elf demonologists
  Nessos (Lair:4)
  7 deep elf annihilators (Elf:3)
  2 spark wasps (Spider:4)
  Azrael (D:12)
  Snorg (D:12)
  3 ettins
  10 deep elf death magi
  8 fire dragons
  21 ogre magi
  3 great orbs of eyes
  A deep elf high priest (Elf:3)
  5 ice dragons
  3 rakshasas
  16 yaktaur captains
  25 hydras
  23 vault guards
  A merfolk avatar (Lair:6)
  5 death knights
  The ghost of George the Thaumaturge, a journeyman GnWz of Cheibriados (D:10)
  A catoblepas (Elf:2)
  An anaconda (shapeshifter) (Elf:2)
  2 ghost crabs
  11 death yaks (Lair:5)
  11 centaur warriors
  6 alligators
  A queen ant (Lair:6)
  77 two-headed ogres
  2 deep troll shamans
  27 dancing weapons
  A tengu warrior (D:14)
  3 deep troll earth magi
  Nergalle (D:12)
  20 deep elf knights
  2 fire crabs (shapeshifter)
  A small abomination (Elf:3)
  9 hell knights (Vaults:4)
  A fire crab (D:15)
  5 skeletal warriors
  A death drake (shapeshifter) (Vaults:4)
  A spriggan druid (Swamp:4)
  9 deep trolls
  7 unseen horrors
  A sea snake (Lair:6)
  3 flayed ghosts
  11 swamp dragons
  3 shambling mangroves
  A harpy (shapeshifter) (Vaults:2)
  4 wizards
  10 deep elf archers
  13 ironbrand convokers
  2 phantasmal warriors
  6 harpies
  27 ugly things
  13 orc knights
  30 wolf spiders
  53 deep elf magi
  4 necromancers (Vaults:4)
  20 orb spiders
  10 cyclopes
  An orc sorcerer (Orc:2)
  7 manticores
  2 moths of wrath
  3 black mambas
  A rust devil (Vaults:4)
  12 elephants
  16 vault sentinels
  A molten gargoyle (Lair:3)
  2 ice statues (IceCv)
  Joseph (D:10)
  13 spiny frogs
  2 gargoyles
  17 demonic crawlers
  A kobold demonologist (D:15)
  2 spiny frogs (shapeshifter)
  A rime drake (shapeshifter) (Vaults:1)
  6 rime drakes
  11 komodo dragons
  49 yaktaurs
  2 efreet (D:15)
  13 ice devils (IceCv)
  2 freezing wraiths
  A tengu conjurer (D:14)
  2 polar bears (Lair:6)
  A wind drake (Lair:6)
  3 meliai (shapeshifter)
  24 jumping spiders
  A queen bee (Spider:4)
  A meliai (D:15)
  10 tyrant leeches
  A wind drake (shapeshifter) (Vaults:3)
  17 trolls
  27 hornets
  3 blink frogs (Lair:6)
  2 blink frogs (shapeshifter)
  Prince Ribbit (D:8)
  10 hippogriffs
  2 raiju (shapeshifter)
  6 dream sheep (Lair:5)
  6 bog bodies
  33 slime creatures
  A stone giant simulacrum (Vaults:2)
  A fire giant simulacrum (Vaults:2)
  A water elemental (Elf:3)
  4 spriggans
  5 shadows
  2 air elementals (Elf:2)
  73 redbacks
  A spriggan (shapeshifter) (D:14)
  28 tarantellas
  12 wyverns
  A yak (shapeshifter) (Vaults:2)
  4 fire elementals (D:12)
  A human (shapeshifter) (Vaults:1)
  7 basilisks
  29 yaks
  A vampire (D:14)
  2 hogs (D:12)
  7 wraiths
  A steam dragon (D:10)
  5 hungry ghosts
  8 wargs
  7 insubstantial wisps
  15 swamp worms
  26 vampire mosquitoes
  An acid dragon (Vaults:1)
  Duvessa (D:6)
  14 soldier ants (Lair:6)
  12 water moccasins
  8 porcupines
  2 hell hounds (Elf:2)
  35 orc warriors
  A hornet zombie (D:15)
  A black bear (D:9)
  4 ice beasts
  5 sky beasts
  10 swamp drakes
  2 black bears (shapeshifter) (D:15)
  A meliai simulacrum (D:15)
  2 boggarts (Vaults:3)
  3 phantoms
  5 eyes of draining
  16 wolves
  22 centaurs
  55 ogres
  9 crocodiles
  An elf zombie (D:11)
  2 big kobolds
  Blork the orc (D:6)
  23 bullfrogs
  2 earth elementals
  A gnoll sergeant (D:11)
  A deep troll simulacrum (Vaults:1)
  Dowan (D:6)
  A water moccasin skeleton (D:10)
  20 killer bees
  2 scorpions (D:9)
  9 wights
  5 howler monkeys
  2 electric eels (Lair:3)
  A lava snake (Lair:3)
  7 crimson imps
  A wyvern simulacrum (D:15)
  8 jellies
  A quasit (D:11)
  2 bullfrog zombies
  2 human zombies (D:11)
  11 hounds
  3 bullfrog skeletons
  6 centaur zombies
  Crazy Yiuf (D:7)
  4 centaur skeletons
  20 orc priests
  24 orc wizards
  Ijyb (D:5)
  5 iguanas
  24 worker ants
  An ogre zombie (D:11)
  A hound skeleton (D:10)
  3 mummies (D:11)
  11 gnolls
  A river rat (D:5)
  7 adders
  5 shadow imps
  8 white imps (IceCv)
  8 ufetubi (IceCv)
  5 oozes
  2 adder skeletons
  6 worms
  6 leopard geckos
  102 orcs
  8 ball pythons
  8 giant cockroaches
  2 goblins (D:2)
  16 hobgoblins
  4 jackals (D:8)
  4 quokkas
  14 bats
  13 frilled lizards
  31 kobolds
  A leopard gecko skeleton (D:4)
  2 orc zombies (D:11)
  A quokka zombie (D:6)
  11 rats
  6 briar patches (Swamp:4)
  4 bushes (Lair:3)
  5 crawling corpses (Elf:3)
  10 fungi
  12 plants
1913 creatures vanquished.

Vanquished Creatures (collateral kills)
  A hydra (Lair:4)
  An orb spider (Spider:2)
  A tarantella (Spider:2)
  2 insubstantial wisps (Swamp:4)
  An orc warrior (D:6)
  An orc (D:6)
7 creatures vanquished.

Vanquished Creatures (others)
  A deep elf blademaster (Elf:3)
  A deep elf death mage (Elf:3)
  A deep elf knight (Elf:3)
  A jumping spider (Spider:3)
  A hog (D:12)
  A human (D:12)
  An insubstantial wisp (Swamp:4)
  An orc warrior (D:15)
  A swamp drake (Swamp:3)
  A boggart (Vaults:3)
  A jelly (D:12)
  2 ufetubi (IceCv)
  5 fungi
  13 plants
31 creatures vanquished.

Grand Total: 1951 creatures vanquished

Notes
Turn   | Place    | Note
-------+----------+-------------------------------------------
     0 | D:1      | Jynxie the Hill Orc Berserker began the quest for the Orb.
     0 | D:1      | Reached XP level 1. HP: 19/19 MP: 1/1
    67 | D:1      | Reached XP level 2. HP: 8/27 MP: 2/2
    74 | D:1      | HP: 1/27 [leopard gecko (2)]
   626 | D:1      | Reached skill level 5 in Axes
   629 | D:1      | Reached XP level 3. HP: 30/33 MP: 3/3
   821 | D:1      | Reached ** piety under Trog
  1438 | D:2      | Reached XP level 4. HP: 30/41 MP: 4/4
  1441 | D:2      | Reached skill level 6 in Axes
  1876 | D:2      | Reached XP level 5. HP: 45/47 MP: 5/5
  1983 | D:2      | Found a sacrificial altar of Ru.
  2335 | D:3      | Reached skill level 5 in Fighting
  2500 | D:3      | Found a white marble altar of Elyvilon.
  2509 | D:3      | Reached *** piety under Trog
  2509 | D:3      | Reached skill level 7 in Axes
  2943 | D:4      | Reached XP level 6. HP: 56/56 MP: 6/6
  2945 | D:4      | Noticed a phantom
  3169 | D:4      | Killed a phantom
  3169 | D:4      | Reached skill level 8 in Axes
  3329 | D:4      | Reached XP level 7. HP: 50/63 MP: 7/7
  3349 | D:4      | Found Noamasm's Gadget Emporium.
  3750 | D:4      | Reached skill level 9 in Axes
  3799 | D:4      | Found a staircase to the Ecumenical Temple.
  4140 | D:5      | Entered Level 5 of the Dungeon
  4145 | D:5      | Found Gozag's Platinum Reserve.
  4145 | D:5      | Found an opulent altar of Gozag.
  4241 | D:5      | Found a glowing drain.
  4256 | Sewer    | Entered a sewer
  4399 | Sewer    | Reached **** piety under Trog
  4571 | D:5      | Reached skill level 10 in Axes
  4619 | D:5      | Found an ancient bone altar of Kikubaaqudgha.
  4745 | D:5      | Found a shadowy altar of Dithmenos.
  4745 | D:5      | Found a radiant altar of Vehumet.
  4746 | D:5      | Found a stormy altar of Qazlal.
  4752 | D:5      | Reached XP level 8. HP: 73/73 MP: 8/8
  4754 | D:5      | Noticed Ijyb
  4754 | D:5      | Paralysed by Ijyb for 2 turns
  4766 | D:5      | Killed Ijyb
  5182 | D:6      | Noticed Blork the orc
  5189 | D:6      | Killed Blork the orc
  5217 | D:6      | Reached skill level 11 in Axes
  5619 | D:6      | Noticed Duvessa
  5643 | D:6      | Killed Duvessa
  5644 | D:6      | Noticed Dowan
  5654 | D:6      | Killed Dowan
  5656 | D:6      | Reached skill level 12 in Axes
  5882 | D:6      | Found a glowing silver altar of Zin.
  5886 | D:6      | Noticed an angel
  5893 | D:6      | Found a shimmering altar of Xom.
  5928 | D:6      | Found a snail-covered altar of Cheibriados.
  6295 | D:7      | Reached XP level 9. HP: 75/82 MP: 9/9
  6459 | D:7      | Reached skill level 13 in Axes
  6947 | D:7      | Found a runed door.
  7066 | D:7      | Found an ornate altar of the Wu Jian Council.
  7221 | D:7      | Noticed Crazy Yiuf
  7233 | D:7      | Killed Crazy Yiuf
  7304 | D:8      | Noticed a two-headed ogre
  7306 | D:8      | Killed a two-headed ogre
  7306 | D:8      | Reached skill level 10 in Fighting
  7306 | D:8      | Reached skill level 14 in Axes
  7370 | D:8      | Reached XP level 10. HP: 93/93 MP: 10/10
  7388 | D:8      | Noticed Prince Ribbit
  7500 | D:8      | Killed Prince Ribbit
  7883 | D:8      | Reached skill level 15 in Axes
  8304 | D:9      | Reached ***** piety under Trog
  8664 | D:9      | Reached skill level 16 in Axes
  8710 | D:9      | Noticed a two-headed ogre
  8714 | D:9      | Killed a two-headed ogre
  8868 | D:9      | Reached XP level 11. HP: 103/103 MP: 11/11
  9200 | D:9      | Got a twitching graven amulet
  9343 | D:10     | Entered Level 10 of the Dungeon
  9380 | D:10     | Reached skill level 17 in Axes
  9395 | D:10     | Noticed George's ghost (journeyman GnWz)
  9435 | D:10     | Killed George's ghost
  9802 | D:10     | Found a staircase to the Lair.
  9814 | D:10     | Identified the amulet "Laonwis" {Spirit rElec rPois Int+3 Stlth+} (You took it off a crimson imp on level 9 of the Dungeon)
 10161 | D:10     | Noticed Joseph
 10177 | D:10     | Reached skill level 18 in Axes
 10189 | D:10     | Killed Joseph
 10442 | D:11     | Noticed a two-headed ogre
 10445 | D:11     | Killed a two-headed ogre
 10558 | D:11     | Noticed a skeletal warrior
 10559 | D:11     | Noticed a skeletal warrior
 10560 | D:11     | Noticed a skeletal warrior
 10722 | Lair:1   | Entered Level 1 of the Lair of Beasts
 10730 | Lair:1   | Noticed a six-headed hydra
 10748 | Lair:1   | Killed a six-headed hydra
 10983 | Lair:1   | Received a gift from Trog
 11072 | Lair:1   | Reached XP level 12. HP: 115/115 MP: 10/12
 11319 | Lair:1   | Reached skill level 19 in Axes
 12012 | Lair:2   | Noticed a seven-headed hydra
 12020 | Lair:2   | Killed a seven-headed hydra
 12713 | Lair:3   | Reached skill level 20 in Axes
 13216 | Lair:3   | Found a blossoming altar of Fedhas.
 13435 | Lair:4   | Got a translucent hat
 13446 | Lair:4   | Identified the +0 hat of the Blizzard {rElec rF+ Str-4} (You found it on level 4 of the Lair of Beasts)
 13550 | Lair:4   | Reached skill level 1 in Evocations
 13564 | Lair:4   | Reached skill level 1 in Throwing
 13574 | Lair:4   | Found a hole to the Spider Nest.
 13742 | Lair:4   | Reached XP level 13. HP: 124/124 MP: 14/14
 13777 | Lair:4   | Found a staircase to the Swamp.
 13910 | Lair:4   | Noticed Nessos
 13927 | Lair:4   | Killed Nessos
 15388 | Lair:5   | Reached skill level 5 in Armour
 15641 | Lair:5   | Reached skill level 21 in Axes
 16133 | Lair:6   | Entered Level 6 of the Lair of Beasts
 16149 | Lair:6   | Identified a scroll of acquirement
 16186 | Lair:6   | Got an ancient robe
 16214 | Lair:6   | Identified the +2 robe of Integrity {*Corrode rF++ rN++} (You found it on level 6 of the Lair of Beasts)
 16301 | Lair:6   | Reached skill level 15 in Fighting
 16311 | Lair:6   | Reached XP level 14. HP: 115/135 MP: 14/17
 16407 | Lair:6   | Received a gift from Trog
 16571 | Lair:6   | Reached skill level 5 in Evocations
 17309 | Lair:6   | Reached skill level 5 in Throwing
 17983 | Lair:6   | Noticed an entropy weaver
 17984 | Lair:6   | Noticed an entropy weaver
 18003 | Lair:6   | Killed an entropy weaver
 18713 | Lair:6   | Got a warped platinum ring
 18717 | Lair:6   | Got a fine leather armour
 18819 | Lair:6   | Killed an entropy weaver
 19128 | Lair:6   | Identified the +1 leather armour "Anip Fij" {Int+4 Dex+4} (You found it on level 6 of the Lair of Beasts)
 19161 | Lair:6   | Identified the ring of Amorality {*Slow Int+3 Dex+4 SInv} (You found it on level 6 of the Lair of Beasts)
 19361 | D:11     | Reached skill level 22 in Axes
 19524 | D:11     | Found an ancient bone altar of Kikubaaqudgha.
 19999 | D:12     | Received a gift from Trog
 20179 | D:12     | Noticed Snorg
 20292 | D:12     | Killed Snorg
 20504 | D:12     | Found a staircase to the Orcish Mines.
 20505 | D:12     | Noticed Kirke
 20517 | D:12     | Noticed Azrael
 20518 | D:12     | Killed Kirke
 20527 | D:12     | Killed Azrael
 20527 | D:12     | Reached XP level 15. HP: 117/143 MP: 16/19
 21075 | D:12     | Noticed Nergalle
 21081 | D:12     | Killed Nergalle
 21394 | D:13     | Found a gate to the Vaults.
 21482 | D:13     | Noticed a sphinx
 21492 | D:13     | Killed a sphinx
 21508 | D:13     | Received a gift from Trog
 21849 | D:13     | Reached skill level 23 in Axes
 22229 | D:13     | Found the +0 sword of Power
 22798 | D:14     | Reached ****** piety under Trog
 23212 | D:14     | Received a gift from Trog
 23226 | D:14     | Found a hazy altar of Hepliaklqana.
 23395 | D:15     | Entered Level 15 of the Dungeon
 23570 | D:15     | Found a staircase to the Depths.
 23677 | D:15     | Reached XP level 16. HP: 67/152 MP: 11/22
 24115 | D:15     | Found a bloodstained altar of Trog.
 24116 | D:15     | Found a glowing silver altar of Zin.
 24116 | D:15     | Found an ornate altar of the Wu Jian Council.
 24331 | D:15     | Received a gift from Trog
 24713 | D:15     | Reached skill level 10 in Armour
 25202 | D:15     | Reached skill level 24 in Axes
 25873 | D:15     | Noticed a storm dragon
 25882 | D:15     | Killed a storm dragon
 25913 | D:15     | HP: 1/155 [fire giant/bolt of fire (32)]
 27040 | D:15     | Identified Sif Muna's Guide on Fire and the Mountains
 27161 | Orc:1    | Entered Level 1 of the Orcish Mines
 27171 | Orc:1    | Received a gift from Trog
 27895 | Orc:2    | Entered Level 2 of the Orcish Mines
 28060 | Orc:2    | Found a staircase to the Elven Halls.
 28060 | Orc:2    | Found Zosocrao's Armour Emporium.
 28082 | Orc:2    | Reached XP level 17. HP: 161/161 MP: 21/24
 28093 | Orc:2    | Reached skill level 10 in Evocations
 28101 | Orc:2    | Found Zereidun's Antique Armour Emporium.
 28160 | Orc:2    | Found Atwiz's Antique Armour Shop.
 28181 | Orc:2    | Found Wakhir's Book Shoppe.
 28201 | Orc:2    | Bought a pair of embroidered gloves for 247 gold pieces
 28231 | Orc:2    | Bought a shiny plate armour for 858 gold pieces
 28289 | Orc:2    | Bought a shiny plate armour for 910 gold pieces
 28289 | Orc:2    | Bought a glowing helmet for 262 gold pieces
 28893 | Swamp:1  | Entered Level 1 of the Swamp
 29791 | Swamp:2  | Received a gift from Trog
 29884 | Swamp:2  | Paralysed by a hornet for 1 turns
 30009 | Swamp:2  | Reached skill level 25 in Axes
 31321 | Swamp:4  | Entered Level 4 of the Swamp
 31573 | Swamp:4  | Received a gift from Trog
 32062 | Swamp:4  | Reached XP level 18. HP: 165/172 MP: 24/26
 32176 | Swamp:4  | Noticed Jynxie's ghost (adept DDEE)
 32187 | Swamp:4  | Killed Jynxie's ghost
 32330 | Swamp:4  | Got a decaying rune of Zot
 32578 | Spider:1 | Entered Level 1 of the Spider Nest
 33443 | Spider:1 | Reached skill level 26 in Axes
 33674 | Spider:2 | Received a gift from Trog
 34279 | Spider:2 | Noticed Louise
 34282 | Spider:2 | Noticed Frances
 34299 | Spider:2 | Killed Louise
 34300 | Spider:2 | Killed Frances
 34314 | Spider:2 | Noticed Arachne
 34325 | Spider:2 | Killed Arachne
 34325 | Spider:2 | Received a gift from Trog
 34720 | Spider:2 | Noticed Agnes
 34727 | Spider:2 | Killed Agnes
 35047 | Spider:3 | Noticed Jorgrun
 35065 | Spider:3 | Killed Jorgrun
 35475 | Spider:3 | Noticed Aizul
 35488 | Spider:3 | Killed Aizul
 35757 | Spider:3 | Got a twisted chain mail
 35768 | Spider:3 | Identified the +8 chain mail of Meczu {rCorr Int+4} (You found it on level 3 of the Spider Nest)
 36208 | Spider:4 | Entered Level 4 of the Spider Nest
 36243 | Spider:4 | Received a gift from Trog
 36293 | Spider:4 | Reached XP level 19. HP: 182/182 MP: 28/28
 36632 | Spider:4 | Paralysed by a hornet for 3 turns
 37452 | Spider:4 | Got a gossamer rune of Zot
 37673 | Spider:4 | Received a gift from Trog
 38060 | Vaults:1 | Entered Level 1 of the Vaults
 38110 | Vaults:1 | Found Meschav's Gadget Shoppe.
 38875 | Vaults:1 | Received a gift from Trog
 39031 | Vaults:1 | Reached skill level 5 in Dodging
 39154 | Vaults:1 | Reached XP level 20. HP: 135/193 MP: 23/30
 39530 | Vaults:1 | Reached skill level 15 in Armour
 39540 | Vaults:1 | Received a gift from Trog
 39541 | Vaults:1 | Got a polished battleaxe {god gift}
 39542 | Vaults:1 | Identified the +4 battleaxe "Koskuh" {vamp, rPois rN+} (Trog gifted it to you on level 1 of the Vaults)
 40967 | Vaults:2 | Received a gift from Trog
 40972 | Vaults:2 | Got a jewelled broad axe {god gift}
 40973 | Vaults:2 | Identified the +10 broad axe of the Scroll {drain, *Drain rF+ Str+4 Dex+8} (Trog gifted it to you on level 2 of the Vaults)
 41900 | Vaults:2 | Received a gift from Trog
 41904 | Vaults:2 | Reached XP level 21. HP: 163/203 MP: 26/31
 42249 | Vaults:3 | Found a staircase to the Crypt.
 42989 | Vaults:3 | Reached skill level 15 in Evocations
 43217 | Vaults:3 | Received a gift from Trog
 43978 | Vaults:4 | Received a gift from Trog
 44564 | Vaults:4 | Received a gift from Trog
 44641 | Vaults:4 | Reached XP level 22. HP: 153/215 MP: 26/33
 44843 | Vaults:4 | Noticed Sojobo
 44855 | Vaults:4 | Killed Sojobo
 45504 | Vaults:4 | Noticed Margery
 45516 | Vaults:4 | Killed Margery
 45978 | Elf:1    | Entered Level 1 of the Elven Halls
 45996 | Elf:1    | Received a gift from Trog
 46037 | Elf:1    | Reached skill level 10 in Dodging
 47079 | Elf:2    | Found an ancient bone altar of Kikubaaqudgha.
 47215 | Elf:2    | Found a runed gate.
 47215 | Elf:2    | Found a runed gate.
 47216 | Elf:2    | Found a runed gate.
 47256 | Elf:2    | Received a gift from Trog
 48076 | Elf:2    | Reached XP level 23. HP: 84/225 MP: 14/34
 48404 | Elf:2    | Received a gift from Trog
 48532 | Elf:2    | Found Sesew's Antique Weapon Emporium.
 48765 | Elf:3    | Entered Level 3 of the Elven Halls
 48852 | Elf:3    | Found a frozen archway.
 48856 | IceCv    | Entered an ice cave
 48877 | IceCv    | Received a gift from Trog
 49912 | Elf:3    | Received a gift from Trog
 49986 | Elf:3    | Got a brightly glowing copper ring
 49987 | Elf:3    | Identified the ring "Ocoa" {+Blink rElec MR+ Int-3 SInv} (You took it off a deep elf mage on level 3 of the Elven Halls)
 50113 | Elf:3    | Identified the Reference Book on Unholy Arts
 50799 | Elf:3    | Gained mutation: You are frail. (-10% HP) [mutagenic glow]
 50882 | Elf:3    | Got a slimy amber ring
 50883 | Elf:3    | Identified the ring of the Empire {*Tele +Blink +Fly rPois Int-5} (You took it off a deep elf annihilator on level 3 of the Elven Halls)
 50922 | Elf:3    | Got a flickering pewter ring
 50924 | Elf:3    | Identified the ring of Yrru {MR+ Slay+2 Stlth+} (You found it on level 3 of the Elven Halls)
 51282 | Depths:1 | Entered Level 1 of the Depths
 51774 | Depths:1 | Found a one-way gate to the infinite horrors of the Abyss.
 51792 | Depths:1 | Noticed Asterion
 51805 | Depths:1 | Killed Asterion
 51830 | Depths:1 | HP: 1/204 [deep troll shaman (illusionary) (16)]
 51835 | D:15     | HP: 6/204 [deep troll shaman (22)]
 51835 | D:15     | Mangled by a deep troll shaman

Vault maps used:
D:1:      dpeg_arrival_round_b, minmay_pentomino_z4
D:2:      nicolae_ru_awakened_eye, fountainhead, kennysheep_generic_room_8
D:3:      elyvilon_altar_1, glass_columns_a, grunt_ministairs_13
D:4:      minmay_temple_entry_trees, first_ration, serial_shops,
          nicolae_shop_behind_doors, minmay_misc_feat_doors
D:5:      chequers_temple_overflow_statue_of_worship,
          cheibrodos_sewer_entry_sluice, nicolae_gozag_zags_fifth_avenue,
          uniq_ijyb
D:6:      grunt_temple_overflow_order_and_chaos_1, hangedman_decor_points,
          abandoned_shop, cheibriados_altar_1, uniq_duvessa, uniq_blork_the_orc
D:7:      kennysheep_little_box, nicolae_overflow_hidden_temple,
          uniq_crazy_yiuf_cottage
D:8:      blue_anna_alchemist, kennysheep_decorative_pillar, st_stairs_14,
          uniq_prince_ribbit1
D:9:      minmay_the_grid_3x3
D:10:     erik_lair_dragon, serial_glass, glass_columns_c, glass_columns_a,
          glass_columns_a, glass_columns_a, uniq_joseph
D:11:     lemuel_mausoleum_altar_kikubaaqudgha
D:12:     cheibrodos_orc_bank, uniq_kirke, uniq_azrael, uniq_snorg,
          uniq_nergalle
D:13:     minmay_guarded_unrand_sword_of_power,
          lightli_vaults_fourway_checkpoint, serial_column_ruins,
          column_ruins_grid_3, column_ruins_columns_water,
          column_ruins_corridor_dead_end, column_ruins_columns_T,
          column_ruins_grid_1
D:14:     lemuel_round_altar
D:15:     hangedman_slaughterboxes
Lair:2:   grunt_megastairs_4
Lair:3:   tgw_fedhas
Lair:4:   minmay_swamp_entry_swarm, spider_nest_entry_webs, dpeg_oklob_1,
          uniq_nessos
Lair:5:   minmay_slime_entry_oklob_open, infiniplex_staircase_pool,
          minmay_lair_oklob_chamber, lemuel_fruit_tree
Lair:6:   gammafunk_lair_ancient_temple, small_statue_intersection,
          minmay_another_anthill
Swamp:1:  evilmike_swamp_ruin_house_3
Swamp:2:  evilmike_swamp_ruin_wall
Swamp:3:  serial_swamp_ruin, evilmike_swamp_ruin_house_5,
          evilmike_swamp_ruin_house_1
Swamp:4:  swamp
Spider:1: lemuel_spider_zombies, nicolae_spider_webbed_stairs,
          hangedman_spider_tarantella_strand
Spider:2: uniq_arachne, uniq_frances, uniq_agnes, uniq_louise
Spider:3: nicolae_spider_mines_1, uniq_jorgrun, uniq_aizul
Spider:4: guppyfry_spider_rune, hive_lemuel
Orc:1:    abandoned_shop
Orc:2:    st_orc_open
Elf:1:    minmay_elf_crystal_heptagon
Elf:2:    special_room, basic_altar, serial_shops, shop_fountains,
          nicolae_elf_big_sculpture_2, minmay_fountain_box, spider_trap,
          minmay_misc_feat_ornament
Elf:3:    grunt_elf_hall_spiral, portal_ice_cave_entry_pillars_three,
          minmay_misc_feat_cross
Vaults:1: grunt_vaults_trifunnel, nicolae_vaults_murderbox,
          nicolae_vaults_border_crossing, nicolae_vaults_alarming,
          ontoclasm_vaults_chip, v_misc_4, ontoclasm_vaults_shuriken,
          hangedman_vaults_locks, nicolae_vaults_rhombus_5, vaults_room_hallway,
          serial_shops, nicolae_shop_waterfront
Vaults:2: nicolae_vaults_circle_grid_b, nicolae_vaults_yaktaur_gun_rack,
          vaults_room_boxed, vaults_room_corners, grunt_vaults_funnel,
          hangedman_vaults_corner, vaults_room_fancy_cross, vaults_dpeg_ring,
          v_misc_27, st_lattice
Vaults:3: blue_anna_dwarven_crypt, hangedman_vaults_variations, v_alt_pattern_1,
          hangedman_vaults_stream, hangedman_vaults_slither,
          hangedman_vaults_pinch, nicolae_vaults_theta, v_rooms_2,
          nicolae_vaults_little_squares_3, mu_enter_wizlab_4
Vaults:4: v_misc_8, nicolae_vaults_inception_network, dpeg_vaults_monster_row,
          ontoclasm_vaults_chip, v_misc_33, hangedman_vaults_snaps, v_misc_12,
          uniq_margery, uniq_sojobo
Depths:1: minmay_guarded_unrand_guard, hangedman_coc_ice_floe, pan_entry,
          nicolae_abyss_entry_one_way_or_another, grunt_decor_cap,
          kennysheep_generic_room_9, firewood_loft, uniq_asterion
Sewer:    kennysheep_pipe_town
IceCv:    ice_cave_small_demon

Skill      XL: |  1  2  3  4  5  6  7  8  9 10 11 12 13 14 15 16 17 18 19 20 21 22 23 |
---------------+----------------------------------------------------------------------+-----
Fighting       | 4 5 6 7 8 10 11 13 14 15 16 17 18 19 20 21 22 23 | 23.3
Axes           | 5 6 7 8 10 12 14 16 18 20 21 22 23 24 25 26 | 26.0
Evocations     | 2 4 6 8 9 11 12 13 14 15 16 | 16.3
Throwing       | 1 4 6 |  6.0
Armour         | 3 5 7 9 11 12 13 14 15 17 18 | 18.9
Dodging        | 5 7 9 10 11 | 11.7

Action                   |  1- 3 |  4- 6 |  7- 9 | 10-12 | 13-15 | 16-18 | 19-21 | 22-24 || total
-------------------------+-------+-------+-------+-------+-------+-------+-------+-------++-------
Melee: Hand axe          |   122 |   181 |   339 |       |       |       |       |       ||   642
       Battleaxe         |       |       |    39 |   590 |   101 |       |       |       ||   730
       Executioner's axe |       |       |       |       |   745 |   914 |  1054 |   602 ||  3315
Throw: Tomahawk          |       |       |       |       |     8 |     9 |       |       ||    17
       Javelin           |       |       |       |       |       |   110 |     8 |     2 ||   120
Invok: Berserk           |     1 |     4 |     5 |     5 |    14 |    16 |    15 |    11 ||    71
       Trog's Hand       |       |     1 |     5 |     2 |     8 |    15 |     4 |    10 ||    45
       Brothers in Arms  |       |       |     1 |       |       |       |       |       ||     1
 Abil: Evoke Invisibilit |       |       |       |       |       |       |     6 |    10 ||    16
       Evoke Blink       |       |       |       |       |       |       |       |     2 ||     2
Evoke: Wand              |       |       |       |    12 |     5 |    40 |     1 |       ||    58
       Phantom mirror    |       |       |       |     1 |       |       |       |       ||     1
       Box of beasts     |       |       |       |       |     1 |       |       |       ||     1
       Phial of floods   |       |       |       |       |       |     2 |       |       ||     2
  Use: Scroll            |       |     4 |     8 |    13 |    16 |    10 |    15 |    19 ||    85
       Potion            |       |       |     1 |     2 |     9 |     5 |     1 |    13 ||    31
 Stab: Sleeping          |       |     1 |       |       |       |       |       |       ||     1
       Distracted        |       |       |       |       |       |     1 |       |     3 ||     4
       Invisible         |       |       |       |       |       |       |    18 |    24 ||    42
       Petrified         |       |       |       |       |       |       |       |     6 ||     6
  Eat: Chunk             |     2 |     7 |    13 |    30 |    38 |    37 |    37 |    24 ||   188
       Ration            |       |     1 |     3 |       |     4 |     7 |     2 |     5 ||    22
Armor: Animal skin       |    22 |    45 |    42 |       |       |       |       |       ||   109
       Scale mail        |       |       |    26 |       |       |       |       |       ||    26
       Chain mail        |       |       |    78 |   354 |   510 |   231 |   567 |   386 ||  2126
       Plate armour      |       |       |       |       |       |   579 |       |       ||   579
Dodge: Dodged            |    80 |    96 |   209 |   245 |   290 |   353 |   441 |   365 ||  2079

Table legend:
 A = Spawn XP
 B = Non-spawn XP
 C = Spawn XP percentage of total XP
 D = Spawn monster count
 E = Non-spawn monster count
 F = Spawn count percentage of total count
 G = Total turns spent on level
                    A         B        C        D         E        F      G
               +---------+---------+-------+---------+---------+-------+---------
         Total |       0 |  797999 |   0.0 |       0 |    1887 |   0.0 | 51835
               +---------+---------+-------+---------+---------+-------+---------
           D:1 |       0 |      54 |   0.0 |       0 |      31 |   0.0 |  1427
           D:2 |       0 |     122 |   0.0 |       0 |      30 |   0.0 |   860
           D:3 |       0 |      95 |   0.0 |       0 |      21 |   0.0 |   933
           D:4 |       0 |     660 |   0.0 |       0 |      36 |   0.0 |   920
           D:5 |       0 |     259 |   0.0 |       0 |      14 |   0.0 |   556
           D:6 |       0 |    1074 |   0.0 |       0 |      21 |   0.0 |  1261
           D:7 |       0 |    1224 |   0.0 |       0 |      18 |   0.0 |  1002
           D:8 |       0 |    2489 |   0.0 |       0 |      36 |   0.0 |  1011
           D:9 |       0 |    4182 |   0.0 |       0 |      39 |   0.0 |  1064
          D:10 |       0 |    5245 |   0.0 |       0 |      32 |   0.0 |  1330
          D:11 |       0 |    7323 |   0.0 |       0 |      46 |   0.0 |   890
          D:12 |       0 |   10615 |   0.0 |       0 |      58 |   0.0 |  1313
          D:13 |       0 |   27216 |   0.0 |       0 |      66 |   0.0 |  1614
          D:14 |       0 |    9600 |   0.0 |       0 |      37 |   0.0 |  1605
          D:15 |       0 |   46115 |   0.0 |       0 |      92 |   0.0 |  3257
        Lair:1 |       0 |    3864 |   0.0 |       0 |      19 |   0.0 |  1122
        Lair:2 |       0 |    4424 |   0.0 |       0 |      21 |   0.0 |   742
        Lair:3 |       0 |    2943 |   0.0 |       0 |      14 |   0.0 |   932
        Lair:4 |       0 |    8266 |   0.0 |       0 |      27 |   0.0 |  1561
        Lair:5 |       0 |   13464 |   0.0 |       0 |      26 |   0.0 |  1739
        Lair:6 |       0 |   23275 |   0.0 |       0 |      85 |   0.0 |  2634
       Swamp:1 |       0 |    6670 |   0.0 |       0 |      24 |   0.0 |   901
       Swamp:2 |       0 |   12280 |   0.0 |       0 |      41 |   0.0 |   721
       Swamp:3 |       0 |    7554 |   0.0 |       0 |      24 |   0.0 |   867
       Swamp:4 |       0 |   38113 |   0.0 |       0 |      61 |   0.0 |  1165
      Spider:1 |       0 |   12560 |   0.0 |       0 |      44 |   0.0 |  1119
      Spider:2 |       0 |   29309 |   0.0 |       0 |      60 |   0.0 |  1388
      Spider:3 |       0 |   15082 |   0.0 |       0 |      28 |   0.0 |  1177
      Spider:4 |       0 |   37201 |   0.0 |       0 |      93 |   0.0 |  1603
         Orc:1 |       0 |    4386 |   0.0 |       0 |      41 |   0.0 |   791
         Orc:2 |       0 |   18463 |   0.0 |       0 |      59 |   0.0 |   827
         Elf:1 |       0 |   19825 |   0.0 |       0 |      28 |   0.0 |  1101
         Elf:2 |       0 |   60273 |   0.0 |       0 |      79 |   0.0 |  2029
         Elf:3 |       0 |   55559 |   0.0 |       0 |      54 |   0.0 |  1482
      Vaults:1 |       0 |   61802 |   0.0 |       0 |      96 |   0.0 |  2280
      Vaults:2 |       0 |   76243 |   0.0 |       0 |     106 |   0.0 |  1735
      Vaults:3 |       0 |   48459 |   0.0 |       0 |      81 |   0.0 |  1947
      Vaults:4 |       0 |   91571 |   0.0 |       0 |     118 |   0.0 |  1881
      Depths:1 |       0 |   18816 |   0.0 |       0 |      24 |   0.0 |   250
         Sewer |       0 |      51 |   0.0 |       0 |      24 |   0.0 |   309
         IceCv |       0 |   11273 |   0.0 |       0 |      33 |   0.0 |   489
               +---------+---------+-------+---------+---------+-------+---------
